 Adventure DCSS version bcrawl-1.27.3 (webtiles) character file.

Game seed: 1136256489869166154

123449 galech the Skirmisher (level 3, 29/29 HPs)
             Began as a Demonspawn Fighter on Aug 6, 2020.
             Quit the game on level 2 of the Dungeon.
             The game lasted 00:01:31 (883 turns).

galech the Skirmisher (Demonspawn Fighter)           Turns: 883, Time: 00:01:32

Health: 29/29      AC:  9    Str: 17    XL:     3   Next: 12%
Magic:  3/3        EV:  5    Int: 10    God:
Gold:   115        SH:  9    Dex: 12    Spells: 2/2 levels left
                                        Lives:  1   Deaths: 1

rFire    . . .     SeeInvis .   a - +0 war axe
rCold    . . .     Gourm    .   c - +0 medium shield
rNeg     . . .     Faith    .   b - +0 scale mail
rPois    .         Spirit   .   h - +1 hat
rElec    .         Reflect  .   (no cloak)
rCorr    .         Harm     .   i - +0 pair of gloves
MR       .....                  (no boots)
Stlth    ..........             g - amulet of magic regeneration
HPRegen  0.09/turn              (no ring)
MPRegen  0.33/turn              (no ring)

@: no status effects
A: claws 1, horns 1, spiny 1
a: no special abilities


You were on level 2 of the Dungeon.
You were not hungry.

You visited 1 branch of the dungeon, and saw 2 of its levels.

You collected 115 gold pieces.

Inventory:

Hand Weapons
 a - a +0 war axe (weapon)
Armour
 b - a +0 scale mail (worn)
 c - a +0 medium shield (worn)
 h - a +1 hat (worn)
 i - a +0 pair of gloves (worn)
Jewellery
 g - an amulet of magic regeneration (around neck)
Scrolls
 j - a scroll of remove curse {unknown}
 l - a scroll of teleportation {unknown}
 m - a scroll of identify
Potions
 f - a potion of heal wounds {unknown}
 k - a potion of flight {unknown}
Comestibles
 e - 4 rations {!d}
 n - a chunk of flesh


   Skills:
 + Level 3.5 Fighting
 + Level 2.1 Axes
 + Level 3.4 Armour
 + Level 0.4 Dodging
 + Level 0.1 Stealth
 + Level 3.2 Shields


You had 2 spell levels left.
You didn't know any spells.
Your spell library was empty.

Dungeon Overview and Level Annotations

Branches:
Dungeon (2/12)

Altars:

Annotations:
D:2 Sigmund


Innate Abilities, Weirdness & Mutations

You have sharp fingernails.
You have a pair of small horns on your head.
You are partially covered in sharp spines.


Message History

You have reached level 3!
Your experience leads to an increase in your attributes!
Your base attributes are Str 16, Int 9, Dex 12.
Increase (S)trength, (I)ntelligence, or (D)exterity?
You feel stronger.
Your demonic ancestry asserts itself...
A pair of horns grows on your head!
You have reached level 4!
You feel clever.
Your demonic ancestry asserts itself...
Sharp spines emerge from parts of your body.
Something hits you.
* * * LOW HITPOINT WARNING * * *
Something freezes you.
* * * LOW HITPOINT WARNING * * *
You slice something!! You headbutt something. Something hits you!
You die...
Something freezes you.
Xom reaches out...
You are now level 3!
You rejoin the land of the living...
Are you sure you want to abandon this character and quit the game? (Confirm with "yes".)

########
#......#
#......#
#......#
#......##.
#.@.......
#.............
##...........$
#####........
.........
.........
.........
..........
.....)....


There were no monsters in sight!

Vanquished Creatures
  A scorpion (D:2)
  A dart slug (D:1)
  2 leopard geckos
  2 bats (D:1)
  2 giant cockroaches (D:1)
  2 goblins (D:1)
  3 hobgoblins (D:1)
  5 kobolds
  3 rats (D:1)
21 creatures vanquished.

Notes
Turn   | Place    | Note
-------+----------+-------------------------------------------
     0 | D:1      | galech the Demonspawn Fighter began the quest for the Orb.
     0 | D:1      | Reached XP level 1. HP: 18/18 MP: 1/1
   307 | D:1      | Gained mutation: You have sharp fingernails. [demonic
                  | ancestry]
   307 | D:1      | Reached XP level 2. HP: 19/24 MP: 2/2
   870 | D:2      | Noticed Sigmund
   874 | D:2      | Noticed a scorpion
   880 | D:2      | Killed a scorpion
   880 | D:2      | Gained mutation: You have a pair of small horns on your
                  | head. [demonic ancestry]
   880 | D:2      | Reached XP level 3. HP: 9/29 MP: 3/3
   880 | D:2      | Gained mutation: You are partially covered in sharp spines.
                  | [demonic ancestry]
   880 | D:2      | Reached XP level 4. HP: 11/35 MP: 4/4
   882 | D:2      | Slain by Sigmund
   883 | D:2      | Reached XP level 3. HP: -3/29 MP: 3/3
   883 | D:2      | Quit the game

Skill      XL: |  1  2 |
---------------+-------+-----
Shields        | 3 |  3.2
Armour         | 3 |  3.4
Axes           | 2 |  2.1
Fighting       | |  3.5
Dodging        | |  0.4
Stealth        | |  0.1

Action                   |  1- 3 |  4- 6 || total
-------------------------+-------+-------++-------
Melee: War axe           |    64 |     1 ||    65
       Headbutt          |       |     1 ||     1
  Use: Potion            |     1 |       ||     1
  Eat: Chunk             |     2 |       ||     2
Armor: Scale mail        |    40 |       ||    40
Dodge: Dodged            |    12 |       ||    12
Block: Medium shield     |    26 |       ||    26
